 Dungeon Crawl Stone Soup version 0.28.0-53-g5a82cb258f (webtiles) character file.

Game seed: 11839642948595016366

149 sizableburger the Skirmisher (level 5, -1/54 HPs)
             Began as an Ogre Enchanter on May 25, 2022.
             Slain by an orc
             ... wielding a +0 club
              (3 damage)
             ... on level 2 of the Dungeon.
             The game lasted 00:05:13 (2562 turns).

sizableburger the Skirmisher (Ogre Enchanter)       Turns: 2562, Time: 00:05:13

Health: -1/54      AC:  3    Str: 12    XL:     5   Next: 31%
Magic:  1/8        EV: 10    Int: 16    God:
Gold:   56         SH:  0    Dex: 11    Spells: 3/8 levels left

rFire   . . .      SeeInvis .   a - +1 dagger
rCold   . . .      Faith    .   (no shield)
rNeg    . . .      Spirit   .   b - +0 robe
rPois   .          Reflect  .   (helmet restricted)
rElec   .          Harm     .   (no cloak)
rCorr   .          Rampage  .   (gloves unavailable)
Will    .....                   (boots unavailable)
Stlth   ++........              (no amulet)
HPRegen 0.18/turn               (no ring)
MPRegen 0.11/turn               (no ring)

@: mighty, very slightly contaminated
A: large, unfitting armour, tough skin 1
a: no special abilities


You were on level 2 of the Dungeon.
You visited 1 branch of the dungeon, and saw 3 of its levels.

You collected 56 gold pieces.

Inventory:

Hand Weapons
 a - a +1 dagger (weapon)
Armour
 b - a +0 robe (worn)
Scrolls
 d - 2 scrolls of identify {unknown}
 f - 3 scrolls of teleportation {unknown}
 i - a scroll of amnesia {unknown}
Potions
 c - a potion of invisibility
 e - a potion of might
 g - a potion of ambrosia {unknown}
 h - 2 potions of curing {unknown}
 j - a potion of degeneration {unknown}


   Skills:
 + Level 3.6 Fighting
 + Level 2.7 Short Blades
 - Level 1.8 Dodging
 - Level 2.2 Stealth
 - Level 2.4 Spellcasting
 + Level 3.5 Hexes


You had 3 spell levels left.
You knew the following spells:

 Your Spells              Type           Power      Damage    Failure   Level
a - Ensorcelled Hibernat  Hex/Ice        14%        N/A       14%         2
b - Confusing Touch       Hex            13%        N/A       14%         3

Your spell library contained the following spells:

 Spells                   Type           Power      Damage    Failure   Level
 Tukima's Dance           Hex            13%        N/A       14%         3
 Dazzling Flash           Conj/Hex       14%        N/A       28%         3
 Malign Gateway           Summ/Tloc      0%         N/A       100%        7
 Summon Horrible Things   Summ           0%         N/A       100%        8


Dungeon Overview and Level Annotations

Branches:
Dungeon (3/15)

Altars:


Innate Abilities, Weirdness & Mutations

You are too large for most types of armour.
You have tough skin. (AC +1)


Message History

The giant cockroach looks drowsy...
The orc hits you with a +0 falchion.
* * * LOW HITPOINT WARNING * * *
The orc hits you with a +0 club.
* * * LOW HITPOINT WARNING * * *
The helpless giant cockroach fails to defend itself.
You puncture the giant cockroach!
You kill the giant cockroach!
The orc hits you with a +0 falchion.
* * * LOW HITPOINT WARNING * * *
The orc closely misses you.
Casting: Ensorcelled Hibernation (safe; 14% risk of failure)
Confirm with . or Enter, or press ? or * to list all spells.
Aiming: Ensorcelled Hibernation (safe; 14% risk of failure)
Press: ? - help, Shift-Dir - straight line, f - orc
Aim: an orc, wielding a +0 falchion and wearing a +0 ring mail (chance to affect: 58%)
You miscast Ensorcelled Hibernation.
You are very lightly contaminated with residual magic.
Nothing appears to happen.
The orc hits you with a +0 falchion.
* * * LOW HITPOINT WARNING * * *
The orc hits you but does no damage.
Casting: Ensorcelled Hibernation (safe; 14% risk of failure)
Confirm with . or Enter, or press ? or * to list all spells.
Aiming: Ensorcelled Hibernation (safe; 14% risk of failure)
Press: ? - help, Shift-Dir - straight line, f/p - orc
Aim: an orc, wielding a +0 falchion and wearing a +0 ring mail (chance to affect: 58%)
The orc looks drowsy...
The orc hits you with a +0 club.
* * * LOW HITPOINT WARNING * * *
Unknown command.
The helpless orc fails to defend itself.
You puncture the orc!
You kill the orc!
The orc completely misses you.
Casting: Ensorcelled Hibernation (safe; 14% risk of failure)
Confirm with . or Enter, or press ? or * to list all spells.
You don't have enough magic to cast this spell.
Unknown command.
It was a potion of might.
You feel very mighty all of a sudden. The orc hits you with a +0 club.
You die...

#...# #.# #...<.....#######.
#...# ##.# #.........### #.
#...###..###...........# #.
#....#..##......#.#.##.#####.
#..........#.##.#.#.##.......
#...#..##.....#......####..##
#...#.##..#####...##..###....
#####...#....##[..#.####....#.###
#.......)..####.@)#.......#.#.###
#..........# #...o######....#.#..
#..........###...## #........#
#..........##....# ###....###
#...............## ##......
#............)♣.# #######
#..........#....##
#..........##....#
#..........###...##


You could see an orc.

Vanquished Creatures
  A hound (D:2)
  An orc wizard (D:2)
  2 adders (D:2)
  A worm (D:2)
  2 dart slugs
  An orc (D:2)
  5 bats
  An endoplasm (D:2)
  A giant cockroach (D:2)
  3 goblins
  8 hobgoblins
  17 jackals
  A quokka (D:1)
  3 ball pythons (D:2)
  3 frilled lizards
  9 kobolds
  6 rats
65 creatures vanquished.

Notes
Turn   | Place    | Note
-------+----------+-------------------------------------------
     0 | D:1      | sizableburger the Ogre Enchanter began the quest for the
                  | Orb.
     0 | D:1      | Reached XP level 1. HP: 16/16 MP: 3/3
    45 | D:1      | Reached skill level 1 in Short Blades
   269 | D:1      | Reached skill level 1 in Fighting
   357 | D:1      | Reached XP level 2. HP: 24/27 MP: 5/5
   718 | D:1      | Learned a level 2 spell: Ensorcelled Hibernation
   908 | D:1      | Reached XP level 3. HP: 15/35 MP: 6/6
  1112 | D:1      | Learned a level 3 spell: Confusing Touch
  1254 | D:1      | Found a faded altar of an unknown god.
  1607 | D:2      | Reached XP level 4. HP: 40/44 MP: 2/7
  2385 | D:2      | Reached XP level 5. HP: 50/53 MP: 8/8
  2559 | D:2      | HP: 2/53 [orc/+0 falchion (3)]
  2562 | D:2      | Slain by an orc

Illustrated notes

Levels and vault maps discovered:
D:1:      elethiomel_arrival_diamonds, layout_loops_cross,
          ebering_ecumenical_altar_rust
D:2:      layout_rooms, grunt_ministairs_12, st_stairs_11
D:3:      layout_loops_ring

Skill      XL: |  1  2  3  4 |
---------------+-------------+-----
Short Blades   | 1 2 |  2.7
Fighting       | 1 2 3 |  3.6
Hexes          | 3 |  3.5
Dodging        | |  1.8
Stealth        | |  2.2
Spellcasting   | |  2.4

Action                   |  1- 3 |  4- 6 || total
-------------------------+-------+-------++-------
Melee: Dagger            |   163 |   144 ||   307
       Punch             |     2 |       ||     2
 Cast: Ensorcelled Hiber |     3 |     6 ||     9
  Use: Potion            |       |     1 ||     1
 Stab: Sleeping          |     3 |     6 ||     9
Armor: Robe              |    56 |    56 ||   112
Dodge: Dodged            |    89 |    84 ||   173
